 Dungeon Crawl Stone Soup version 0.32-a0-933-ga8fa3634e4 (webtiles) character file.

Game seed: 14997096168412332082

53 Heh the Apothecary (level 3, -1/27 HPs)
             Began as a Coglin Alchemist on Apr 14, 2024.
             Was an Initiate of Beogh.
             Slain by Terence
             ... wielding a +0 flail
              (8 damage)
             ... on level 3 of the Dungeon.
             The game lasted 00:03:53 (1750 turns).

Heh the Apothecary (Coglin Alchemist)               Turns: 1750, Time: 00:03:55

Health: -1/27      AC:  2    Str:  5 (8)  XL:     3   Next: 89%
Magic:  6/6        EV: 11    Int: 12 (14) God:    Beogh [......]
Gold:   57         SH:  0    Dex: 14 (16) Spells: 2/6 levels left

rFire   . . .        h - +0 short sword {Msizi}
rCold   . . .        e - +0 mace {Xiuhtonal}
rNeg    . . .        a - +0 robe
rPois   .            (no helmet)
rElec   .            (no cloak)
rCorr   .            (no gloves)
SInv    .            (no boots)
Will    +....        (amulet unavailable)
Stlth   +            (ring unavailable)
HPRegen 0.24/turn    (ring unavailable)
MPRegen 0.10/turn    (no gizmo)

%: no passive effects
@: on fire, enlightened, flying, glowing
A: off-hand wielding, slow wielding, warmup strikes, no jewellery
a: Invent Gizmo, Renounce Religion


You were on level 3 of the Dungeon.
You worshipped Beogh.
Beogh was noncommittal.
You visited 1 branch of the dungeon, and saw 3 of its levels.

You collected 57 gold pieces.

Inventory:

Hand Weapons
 d - a +0 club {Astrid}
 e - a +0 mace (offhand) {Xiuhtonal}
 h - a +0 short sword (weapon) {Msizi}
 j - a +0 dagger
Armour
 a - a +0 robe (worn)
 l - a +0 scale mail
Scrolls
 c - a scroll of fog {unknown}
 f - 4 scrolls of identify {unknown}
 g - a scroll of silence {unknown}
 k - 2 scrolls of poison {unknown}
 o - a scroll of noise {unknown}
 p - a scroll of teleportation {unknown}
Potions
 b - a potion of magic
 i - a potion of degeneration
 n - a potion of curing {unknown}
 q - a potion of invisibility {unknown}


   Skills:
 + Level 1.8 Fighting
 - Level 1.7 Dodging
 - Level 1.5 Stealth
 - Level 2.1 Spellcasting
 + Level 0.9 Conjurations
 + Level 0.1 Air Magic
 * Level 4.2 Alchemy


You had 2 spell levels left.
You knew the following spells:

 Your Spells              Type           Power      Damage    Failure   Level
a - Sting                 Conj/Alch      28%        1d4       10%         1
b - Mephitic Cloud        Conj/Alch/Air  5%         N/A       36%         3

Your spell library contained the following spells:

 Spells                   Type           Power      Damage    Failure   Level
 Mercury Vapours          Alch/Air       12%        N/A       17%         2
 Momentum Strike          Conj/Tloc      4%         3d8       34%         2
 Blink                    Tloc           2%         N/A       38%         2
 Lesser Beckoning         Tloc           2%         N/A       38%         2
 Sublimation of Blood     Necr           1%         N/A       38%         2
 Olgreb's Toxic Radiance  Alch           11%        N/A       43%         4
 Maxwell's Portable Pile  Tloc           1%         2d(5-13)  63%         3
 Teleport Other           Tloc           1%         N/A       63%         3
 Petrify                  Alch/Erth      6%         N/A       75%         4
 Sticky Flame             Fire/Alch      6%         2d4       75%         4
 Irradiate                Conj/Alch      3%         3d12      95%         5
 Freezing Cloud           Conj/Ice/Air   1%         6-21      100%        5


Dungeon Overview and Level Annotations

Branches:
Dungeon (3/15)

Altars:

Shops:
D:1 ((**?

Annotations:
D:3 Terence


Innate Abilities, Weirdness & Mutations

You can wield a second weapon in your off-hand.
It takes a long time for you to wield or remove held weapons.
Your first few attacks do less damage.
You cannot equip rings or amulets.


Message History

The orc shouts!
You hit the orc but do no damage. x2; The orc throws a boomerang.
The boomerang hits you. The orc hits you with a +0 flail.
The orc priest shouts, "The Pantheon deserves no one's loyalty.
Let us show you the true path!" (press Y on the ability menu to convert to Beogh)
You hit the orc but do no damage. x2; The orc barely misses you.
Casting: Sting (safe; 9% risk of failure)
Confirm with . or Enter, or press ? or * to list all spells.
Aiming: Sting (safe; 9% risk of failure)
Press: ? - help, Shift-Dir - straight line, f - orc
Aim: an orc, wielding a +0 flail and wearing a +0 chain mail (77% to hit)
Okay, then.
Unknown command.
You bow before the missionary of Beogh.
Beogh welcomes you!
The priest grants you succour and welcomes you into the fold.
The other orcs roar their approval!
The orc barely misses Terence.
The bombardier beetle sprays incendiary fluid at you.
The burning spray hits you.
You are covered in liquid fire!
It was a potion of degeneration.
There was something very wrong with that liquid.
You feel weakened.
You feel dopey.
You feel clumsy. The liquid fire burns you!
You shake off some of the fire as you move.
The liquid fire burns you! Terence hits you with a +0 flail!
* * * LOW HITPOINT WARNING * * *
Okay, then.
Okay, then.
Casting: Sting (safe; 10% risk of failure)
Confirm with . or Enter, or press ? or * to list all spells.
Okay, then.
It was a potion of enlightenment.
You feel very buoyant.
You fly up into the air.
The liquid fire burns you!
* * * LOW HITPOINT WARNING * * *
Terence hits you with a +0 flail!
You die...
Terence says, "Time to find some more victims."

.# #.# #########.#
#......##.#
#......##.#### .
#.......)....# ..
#............##...
#............B...
#.......@....##.
#####........@....#
#.................#
#.###.....o.o.....#
#.# #.....o....#....
#.###.###....o.#......
#.......#......#......
#####.#.#....... .....
#.# #....... ####.


You could see Terence, a bombardier beetle, a neutral orc priest (wandering) and
3 neutral orcs.

Vanquished Creatures
  An adder (D:2)
  2 dart slugs
  A giant cockroach (D:1)
  6 goblins
  6 hobgoblins
  2 jackals (D:1)
  3 quokkas
  2 ball pythons (D:2)
  5 bats
  4 frilled lizards
  2 kobolds
  4 rats
38 creatures vanquished.

Notes
Turn   | Place    | Note
-------+----------+-------------------------------------------
     0 | D:1      | Heh the Coglin Alchemist began the quest for the Orb.
     0 | D:1      | Reached XP level 1. HP: 13/13 MP: 3/3
    75 | D:1      | Found Ehomoan's Assorted Antiques.
   121 | D:1      | Found Zolawit's Assorted Antiques.
   233 | D:1      | Found Suza Mycw's Weapon Shoppe.
   238 | D:1      | Found Cauckiug's Antique Weapon Emporium.
   259 | D:1      | Reached XP level 2. HP: 17/20 MP: 4/4
   272 | D:1      | Found a faded altar of an unknown god.
   276 | D:1      | Noticed a shining eye
   282 | D:1      | Noticed a great orb of eyes
   285 | D:1      | Noticed a great orb of eyes
   285 | D:1      | Noticed a glass eye
   439 | D:1      | Found Pajeto Temm's Magic Scroll Shoppe.
   449 | D:1      | Reached skill level 1 in Fighting
  1042 | D:2      | Reached XP level 3. HP: 22/26 MP: 6/6
  1313 | D:2      | Learned a level 3 spell: Mephitic Cloud
  1327 | D:2      | Reached skill level 4 in Alchemy
  1742 | D:3      | Noticed Terence
  1746 | D:3      | Became a worshipper of Beogh the Shepherd
  1750 | D:3      | Slain by Terence

Illustrated notes

Levels and vault maps discovered:
D:1:      minmay_arrival_four_circles, layout_basic, serial_shops,
          nicolae_lakefront_shop, nicolae_shop_waterfront,
          nicolae_shop_tiny_waterfront, nicolae_shop_peninsula,
          nicolae_shop_tiny_waterfront, hellmonk_ecumenical_altar_watching_god
D:2:      layout_loops_cross
D:3:      layout_basic, grunt_temple_overflow_diamond, kennysheep_nondescript,
          nicolae_goblin_pals, uniq_terence, uniq_crazy_yiuf_cottage

Skill      XL: |  1  2  3 |
---------------+----------+-----
Fighting       | 1 |  1.8
Spellcasting   | 2 |  2.1
Alchemy        | 4 |  4.2
Dodging        | |  1.7
Stealth        | |  1.5
Conjurations   | |  0.9
Air Magic      | |  0.1

Action                     || total
---------------------------++-------
  Melee: Mace              ||    61
         Club              ||     8
         Short sword       ||    45
   Cast: Sting             ||    19
 Invoke: Convert to Beogh  ||     1
    Use: Potion            ||     2
   Stab: Sleeping          ||     4
 Armour: Robe              ||    54
  Dodge: Dodged            ||    46

Table legend: (Time is in decaauts)
 A = Elapsed time spent in this place.
 B = Non-inter-level travel time spent in this place.
 C = Inter-level travel time spent in this place.
 D = Time resting spent in this place.
 E = Time spent auto-exploring this place.
 F = Levels seen in this place.
 G = Mean time per level.
                   A        B        C        D        E       F      G
               +--------+--------+--------+--------+--------+-----+--------+
         Total |   1764 |   1681 |     83 |      0 |   1338 |   3 |  588.0 |
       Dungeon |   1764 |   1681 |     83 |      0 |   1338 |   3 |  588.0 |
               +--------+--------+--------+--------+--------+-----+--------+

Top non-repeatable levels by time:
     D:1: 1013 daAuts
     D:2: 673 daAuts
     D:3: 78 daAuts
